 Dungeon Crawl Stone Soup version 0.24.0-123-gd5b16e6ec5 (webtiles) character file.

Game seed: 4620296183596101074, levelgen mode: deterministic

2 FluffGlitter the Chopper (level 1, 0/16 HPs)
             Began as a Demonspawn Gladiator on Jan 12, 2020.
             Slain by a gnoll
             ... wielding a +1 flail of holy wrath
              (2 damage)
             ... on level 1 of the Dungeon.
             The game lasted 00:01:49 (227 turns).

FluffGlitter the Chopper (Demonspawn Gladiator)      Turns: 227, Time: 00:01:49

Health: 0/16       AC:  4    Str: 14    XL:     1   Next: 25%
Magic:  1/1        EV: 12    Int:  9    God:
Gold:   20         SH:  0    Dex: 14    Spells: 0/0 levels left

rFire    . . .     SeeInvis .   a - +0 war axe
rCold    . . .     Gourm    .   (no shield)
rNeg     . . .     Faith    .   b - +0 leather armour
rPois    .         Spirit   .   c - +0 helmet
rElec    .         Reflect  .   (no cloak)
rCorr    .         Harm     .   (no gloves)
MR       .....                  (no boots)
Stlth    +.........             (no amulet)
HPRegen  0.05/turn              (no ring)
MPRegen  0.07/turn              (no ring)

@: no status effects
A: no striking features
a: no special abilities


You were on level 1 of the Dungeon.
You were not hungry.

You visited 1 branch of the dungeon, and saw 2 of its levels.

You collected 20 gold pieces.

Inventory:

Hand Weapons
 a - a +0 war axe (weapon)
Missiles
 d - 3 throwing nets (quivered) {!f}
Armour
 b - a +0 leather armour (worn)
 c - a +0 helmet (worn)
Scrolls
 f - a scroll of enchant weapon {unknown}
 g - a scroll of enchant armour {unknown}
Comestibles
 e - 2 rations {!d}


   Skills:
 + Level 2.0 Fighting
 + Level 2.7 Axes
 + Level 1.8 Throwing
 + Level 2.7 Dodging


You couldn't memorise any spells.
You didn't know any spells.
Your spell library was empty.

Dungeon Overview and Level Annotations

Branches:
Dungeon (2/15)

Altars:
Nemelex Xobeh


Message History

Found 11 gold pieces.
You now have 11 gold pieces.
g - a scroll labeled SINUCR BEGOPP
There is a stone staircase leading down here.
You open the gate.
There is an open gate here.
Found a sparkling altar of Nemelex Xobeh.
There is an open gate here.
There is a stone staircase leading down here.
You climb downwards.
An adder comes into view.
The adder hisses angrily.
Found a ration and a fizzy pink potion.
There is a stone staircase leading up here.
You climb upwards.
There is a stone staircase leading down here.
You see here a kobold corpse.
Found a ration.
e - 2 rations {!d} (gained 1)
You open the door.
There is an open door here.
Found 9 gold pieces.
You now have 20 gold pieces (gained 9).
You open the door. You open the door.
A bat comes into view.
There is an open door here.
The bat misses you. The bat barely misses you. x2
You slash the bat!
You kill the bat!
No target in view!
Found a chain mail.
Found 4 gold pieces.
A gnoll comes into view.
It is wielding a +1 flail of holy wrath.
The gnoll shouts!
You hit the gnoll.
The gnoll hits you with a +1 flail of holy wrath.
You convulse.
* * * LOW HITPOINT WARNING * * *
Found 11 gold pieces.
You are too injured to fight recklessly!
You are too injured to fight recklessly!
You are too injured to fight recklessly!
You are too injured to fight recklessly!
You hit the gnoll.
The gnoll hits you with a +1 flail of holy wrath.
* * * LOW HITPOINT WARNING * * *
You convulse.
You die...

#...# #.#..# #...#
##.#### #...# #...#
#...# #...# #...#
##...## #...#
#.....# #...#
#..<..#
######...###.....#
#.@........##...##
#g########.##...###
#.# .##...#.. #.#
###.##.. #.#######
#.##.. #.#.....##
#.##.. #.'.......
#.. #.#.....## ###
#.#.....# #


You could see a gnoll.

Vanquished Creatures
  A bat (D:1)
  A kobold (D:1)
2 creatures vanquished.

Vanquished Creatures (others)
  A bat (D:2)
1 creature vanquished.

Grand Total: 3 creatures vanquished

Notes
Turn   | Place    | Note
-------+----------+-------------------------------------------
     0 | D:1      | FluffGlitter the Demonspawn Gladiator began the quest for
                  | the Orb.
     0 | D:1      | Reached XP level 1. HP: 16/16 MP: 1/1
    56 | D:1      | Found a sparkling altar of Nemelex Xobeh.
   227 | D:1      | Slain by a gnoll

Levels and vault maps discovered:
D:1:      dpeg_arrival_rhombus, layout_basic, minmay_fountain_box,
          nemelex_altar_shiori
D:2:      layout_rooms, first_ration, nrook_campfire, uniq_robin

Action                   || total
-------------------------++-------
Melee: War axe           ||     4
Dodge: Dodged            ||     4
